 Dungeon Crawl Stone Soup version 0.28-a0-984-g3775c662fe (webtiles) character file.

Game seed: 16175955139328038550

56 fragbeetle the Grasshopper (level 3, -2/31 HPs)
             Began as a Gnoll Warper on Dec 3, 2021.
             Succumbed to an adder's poison
             ... on level 3 of the Dungeon.
             The game lasted 00:05:13 (1649 turns).

fragbeetle the Grasshopper (Gnoll Warper)           Turns: 1649, Time: 00:05:13

Health: -2/31      AC:  4    Str:  9 (12) XL:     3   Next: 97%
Magic:  9/9        EV: 12    Int:  9 (12) God:
Gold:   107        SH:  0    Dex:  9 (11) Spells: 7/12 levels left

rFire   . . .      SeeInvis .   a - +0 mace
rCold   . . .      Faith    .   (no shield)
rNeg    . . .      Spirit   .   b - +0 leather armour
rPois   .          Reflect  .   (no helmet)
rElec   .          Harm     .   (no cloak)
rCorr   .          Rampage  .   i - +0 pair of gloves
Will    .....                   (no boots)
Stlth   +.........              (no amulet)
HPRegen 0.10/turn               (no ring)
MPRegen 0.11/turn               (no ring)

@: lethally poisoned (-2 -> -15)
A: fangs 1, strong nose, distributed training
a: no special abilities


You were on level 3 of the Dungeon.
You visited 1 branch of the dungeon, and saw 3 of its levels.

You collected 107 gold pieces.

Inventory:

Hand Weapons
 a - a +0 mace (weapon)
Missiles
 d - 5 boomerangs of dispersal (quivered)
Armour
 b - a +0 leather armour (worn)
 i - a +0 pair of gloves (worn)
Scrolls
 c - a scroll of blinking
 e - a scroll of teleportation
 j - a scroll of immolation {unknown}
 k - a scroll of amnesia {unknown}
 l - a scroll of magic mapping
 m - a scroll of enchant weapon {unknown}
Potions
 f - a potion of degeneration
 g - a potion of heal wounds {unknown}
 h - a potion of attraction {unknown}


   Skills:
 + Level 4.6 Fighting
 + Level 1.0 Short Blades
 + Level 1.0 Long Blades
 + Level 1.0 Axes
 + Level 4.6 Maces & Flails
 + Level 1.0 Polearms
 + Level 1.0 Staves
 + Level 1.0 Slings
 + Level 1.0 Bows
 + Level 1.0 Crossbows
 + Level 2.7 Throwing
 + Level 2.7 Armour
 + Level 4.6 Dodging
 + Level 1.0 Stealth
 + Level 1.0 Shields
 + Level 1.0 Unarmed Combat
 + Level 5.0 Spellcasting
 + Level 0.7 Conjurations
 + Level 0.7 Hexes
 + Level 0.7 Summonings
 + Level 0.7 Necromancy
 + Level 5.4 Translocations
 + Level 0.7 Transmutations
 + Level 0.7 Fire Magic
 + Level 0.7 Ice Magic
 + Level 0.7 Air Magic
 + Level 0.7 Earth Magic
 + Level 0.7 Poison Magic
 + Level 1.1 Invocations
 + Level 1.0 Evocations


You had 7 spell levels left.
You knew the following spells:

 Your Spells              Type           Power      Damage    Failure   Level
a - Blink                 Tloc           24%        N/A       5%          2
b - Gell's Gravitas       Tloc           12%        N/A       11%         3

Your spell library contained the following spells:

 Spells                   Type           Power      Damage    Failure   Level
 Lesser Beckoning         Tloc           12%        N/A       11%         3
 Teleport Other           Tloc           12%        N/A       11%         3
 Manifold Assault         Tloc           12%        N/A       69%         5


Dungeon Overview and Level Annotations

Branches:
Dungeon (3/15)

Altars:

Shops:
D:3 :


Innate Abilities, Weirdness & Mutations

You have very sharp teeth.
Your uncanny sense of smell can sniff out nearby items.
Your experience applies equally to all skills.


Message History

You hit the adder.
The adder is moderately wounded.
You feel sick. The adder bites you.
You hit the adder but do no damage.
The adder is moderately wounded.
You feel sick. The adder bites you.
You are more poisoned.
The adder poisons you! The adder bites you.
You hit the adder.
The adder is heavily wounded.
You feel sick. The adder bites you but does no damage.
You hit the adder.
The adder is severely wounded.
You feel sick. The adder bites you. The adder completely misses you.
You hit the adder. Your punch misses the adder.
The adder is almost dead.
You feel sick. The adder bites you.
* * * LOW HITPOINT WARNING * * *
You completely miss the adder. Your punch misses the adder.
The adder is almost dead.
You feel sick. The adder bites you.
* * * LOW HITPOINT WARNING * * *
You are lethally poisoned!
The adder poisons you! The adder closely misses you.
You barely miss the adder.
The adder is almost dead.
* * * LOW HITPOINT WARNING * * *
You feel sick. The adder bites you.
* * * LOW HITPOINT WARNING * * *
You hit the adder but do no damage. You bite the adder, but do no damage.
The adder is almost dead.
* * * LOW HITPOINT WARNING * * *
You feel sick. The adder closely misses you. The adder bites you.
* * * LOW HITPOINT WARNING * * *
You are more poisoned.
The adder poisons you!
It was a potion of degeneration.
There was something very wrong with that liquid.
You feel weakened.
You feel dopey.
You feel clumsy.
You die...

#. .# ## #.
.. .# #.
.... #.#
.#. #.. ..
#.. .# #
###.S#.#..#
#...8@....#
#.#.......#
#.8<∩.8.###
####.#.##
#8 .# #. .#
#. .# ## .#
∆


You could see an adder.

Vanquished Creatures
  An adder (D:2)
  A dart slug (D:2)
  4 ball pythons
  7 bats
  3 endoplasms
  2 giant cockroaches (D:1)
  7 goblins
  4 hobgoblins (D:1)
  3 kobolds (D:1)
  A quokka (D:1)
  5 frilled lizards
  6 rats
44 creatures vanquished.

Notes
Turn   | Place    | Note
-------+----------+-------------------------------------------
     0 | D:1      | fragbeetle the Gnoll Warper began the quest for the Orb.
     0 | D:1      | Reached XP level 1. HP: 20/20 MP: 6/6
   173 | D:1      | Reached XP level 2. HP: 24/26 MP: 7/7
   209 | D:1      | Learned a level 2 spell: Blink
   212 | D:1      | Found a faded altar of an unknown god.
   695 | D:1      | Reached XP level 3. HP: 28/31 MP: 9/9
   783 | D:1      | Reached skill level 5 in Spellcasting
   800 | D:1      | Learned a level 3 spell: Gell's Gravitas
   927 | D:2      | Reached skill level 1 in Invocations
  1278 | D:2      | Reached skill level 1 in Short Blades
  1278 | D:2      | Reached skill level 1 in Long Blades
  1278 | D:2      | Reached skill level 1 in Axes
  1278 | D:2      | Reached skill level 1 in Polearms
  1278 | D:2      | Reached skill level 1 in Staves
  1278 | D:2      | Reached skill level 1 in Slings
  1278 | D:2      | Reached skill level 1 in Bows
  1278 | D:2      | Reached skill level 1 in Crossbows
  1278 | D:2      | Reached skill level 1 in Stealth
  1278 | D:2      | Reached skill level 1 in Shields
  1278 | D:2      | Reached skill level 1 in Unarmed Combat
  1278 | D:2      | Reached skill level 1 in Evocations
  1306 | D:3      | Found Haots's Book Boutique.
  1648 | D:3      | HP: 1/31 [adder (2)]
  1649 | D:3      | Succumbed to an adder's poison

Illustrated notes

Levels and vault maps discovered:
D:1:      eino_arrival_druids_welcome, layout_rooms,
          shapermc_ecumenical_altar_pompeii, chequers_arboretum, chequers_jeans
D:2:      layout_rooms
D:3:      layout_loops_cross, serial_shops, nicolae_shop_statue_plus, uniq_ijyb

Skill      XL: |  1  2  3 |
---------------+----------+-----
Spellcasting   | 5 |  5.0
Invocations    | 1 |  1.1
Short Blades   | 1 |  1.0
Long Blades    | 1 |  1.0
Axes           | 1 |  1.0
Polearms       | 1 |  1.0
Staves         | 1 |  1.0
Slings         | 1 |  1.0
Bows           | 1 |  1.0
Crossbows      | 1 |  1.0
Stealth        | 1 |  1.0
Shields        | 1 |  1.0
Unarmed Combat | 1 |  1.0
Evocations     | 1 |  1.0
Fighting       | |  4.6
Maces & Flails | |  4.6
Throwing       | |  2.7
Armour         | |  2.7
Dodging        | |  4.6
Conjurations   | |  0.7
Hexes          | |  0.7
Summonings     | |  0.7
Necromancy     | |  0.7
Translocations | |  5.4
Transmutations | |  0.7
Fire Magic     | |  0.7
Ice Magic      | |  0.7
Air Magic      | |  0.7
Earth Magic    | |  0.7
Poison Magic   | |  0.7

Action                   || total
-------------------------++-------
Melee: Mace              ||   146
       Bite              ||    10
 Cast: Blink             ||     1
       Gell's Gravitas   ||     1
  Use: Scroll            ||     2
       Potion            ||     1
Armor: Leather armour    ||    55
Dodge: Dodged            ||    95

Table legend: (Time is in decaauts)
 A = Elapsed time spent in this place.
 B = Non-inter-level travel time spent in this place.
 C = Inter-level travel time spent in this place.
 D = Time resting spent in this place.
 E = Time spent auto-exploring this place.
 F = Levels seen in this place.
 G = Mean time per level.
                   A        B        C        D        E       F      G
               +--------+--------+--------+--------+--------+-----+--------+
         Total |   1679 |   1679 |      0 |    288 |    680 |   3 |  559.7 |
       Dungeon |   1679 |   1679 |      0 |    288 |    680 |   3 |  559.7 |
               +--------+--------+--------+--------+--------+-----+--------+

Top non-repeatable levels by time:
     D:1: 879 daAuts
     D:2: 781 daAuts
     D:3: 18 daAuts
